Map: [ESL] Oceanborn

Players

Astrea - Winner!

  • Race: Protoss Protoss
  • League: Master
  • Spawn Location: 11:00

ShaDoWn

  • Race: Protoss Protoss
  • League: Master
  • Spawn Location: 5:00

Event: HomeStory Cup XXIV

VOD

Have the link to the VOD?

Description

Time

  • Played on: Dec. 1, 2023, 1:02 p.m.
  • Length: 11:34

All games in this series

Show
View Real Time Build Order
Export as new Build Order

Astrea Protoss - Winner!

Build Orders: Blink Stalkers 

Get SALT Encoding   

  12  0:00  Probe  
  13  0:12  Probe  
  14  0:17  Pylon  
  14  0:24  Probe (Chrono Boost)  
  16  0:36  Gateway, Probe (Chrono Boost)  
  16  0:43  Probe (Chrono Boost)  
  16  0:44  Assimilator  
  17  0:51  Probe  
  17  0:53  Assimilator  
  18  1:03  Probe (Chrono Boost)  
  19  1:05  Gateway  
  20  1:12  Probe (Chrono Boost)  
  20  1:17  Probe (Chrono Boost)  
  20  1:23  Cybernetics Core  
  21  1:29  Probe  
  21  1:31  Pylon  
  22  1:41  Probe  
  23  1:53  Probe  
  24  1:58  Adept  
  24  1:59  Warp Gate, Adept  
  28  2:05  Twilight Council  
  28  2:07  Probe  
  29  2:28  Stalker  
  31  2:31  Pylon  
  31  2:42  Gateway  
  31  2:46  Blink (Chrono Boost)  
  31  2:49  Stalker  
  33  2:58  Stalker  
  35  3:24  Pylon  
  35  3:29  Pylon  
  35  3:46  Stalker  
  35  3:47  Stalker x2  
  41  3:56  Gateway  
  41  4:09  Stalker  
  43  4:10  Stalker x2  
  47  4:23  Robotics Facility  
  47  4:33  Stalker x2  
  51  4:44  Pylon  
  51  5:06  Stalker x2  
  51  5:11  Observer (Chrono Boost)  
  52  5:14  Zealot  
  52  5:19  Stalker  
  54  5:24  Probe  
  55  5:41  Nexus  
  55  5:48  Pylon  
  55  6:06  Observer, Probe  
  55  6:09  Pylon  
  57  6:18  Probe  
  58  6:30  Probe  
  57  6:41  Nexus  
  57  6:42  Probe  
  58  6:48  Shield Battery  
  58  6:54  Probe (Chrono Boost)  
  58  6:55  Probe (Chrono Boost)  
  60  7:03  Probe (Chrono Boost)  
  60  7:04  Probe (Chrono Boost)  
  60  7:07  Immortal (Chrono Boost)  
  66  7:08  Probe (Chrono Boost)  
  66  7:12  Probe  
  68  7:18  Sentry x2  
  68  7:20  Sentry, Probe  
  75  7:24  Probe  
  76  7:32  Probe  
  76  7:33  Pylon  
  76  7:35  Sentry  
  76  7:36  Probe  
  80  7:45  Immortal (Chrono Boost), Probe  
  80  7:48  Probe  
  86  7:57  Probe  
  86  7:58  Forge  
  87  8:00  Probe  
  87  8:01  Probe  
  89  8:05  Assimilator  
  89  8:09  Probe  
  91  8:12  Probe  
  91  8:13  Probe  
  91  8:17  Shield Battery  
  92  8:21  Probe  
  92  8:23  Protoss Ground Weapons Level 1 (Chrono Boost)  
  92  8:24  Immortal, Probe  
  92  8:25  Probe  
  99  8:33  Probe  
  100  8:34  Photon Cannon  
  100  8:37  Observer, Probe  
  100  8:40  Probe  
  102  8:45  Pylon  
  100  8:49  Probe  
  100  8:50  Probe  
  100  8:53  Stalker x3  
  100  8:55  Probe  
  109  9:08  Assimilator  
  113  9:14  Observer  
  113  9:18  Stalker x4, Pylon  
  113  9:21  Pylon  
  117  9:25  Gateway  
  117  9:27  Gateway  
  117  9:29  Pylon  
  117  9:32  Pylon  
  117  9:35  Warp Prism (Chrono Boost)  
  119  9:50  Stalker x3  
  125  9:54  Gateway  
  125  9:56  Gateway  
  125  10:14  Stalker x3  
  131  10:24  Stalker x2  
  131  10:27  Pylon  
  131  10:28  Pylon  
  135  10:34  Nexus  
  135  10:35  Archon x5  
  135  10:40  Stalker x3  
  141  10:49  Stalker x2  
  139  10:54  Stalker x2  
  129  11:05  Stalker x3  
  129  11:15  Stalker x2  
  129  11:18  Stalker x2  
  131  11:29  Stalker x3  
Show
View Real Time Build Order
Export as new Build Order

ShaDoWn Protoss 

Build Orders: Blink Stalkers, Zealot Archon, Dark Templar Rush 

Get SALT Encoding   

  12  0:00  Probe  
  13  0:12  Probe  
  14  0:17  Pylon  
  14  0:24  Probe  
  15  0:35  Gateway  
  15  0:36  Probe (Chrono Boost)  
  16  0:46  Assimilator, Probe (Chrono Boost)  
  17  0:51  Probe (Chrono Boost)  
  17  0:54  Assimilator  
  18  1:03  Probe (Chrono Boost)  
  19  1:07  Gateway  
  19  1:13  Probe (Chrono Boost)  
  19  1:18  Probe (Chrono Boost)  
  20  1:22  Cybernetics Core  
  21  1:29  Probe  
  22  1:33  Pylon  
  22  1:41  Probe  
  23  1:53  Probe  
  24  1:58  Stalker x2  
  24  1:59  Warp Gate  
  28  2:06  Pylon  
  28  2:14  Probe  
  29  2:26  Twilight Council, Probe  
  30  2:38  Probe  
  31  2:56  Nexus  
  31  2:59  Blink (Chrono Boost)  
  31  3:00  Probe  
  32  3:13  Shield Battery  
  32  3:18  Stalker  
  34  3:26  Dark Shrine  
  33  3:31  Stalker  
  35  3:38  Probe  
  35  3:41  Shield Battery  
  36  3:54  Pylon  
  36  3:57  Stalker  
  36  4:01  Shield Battery, Probe  
  39  4:10  Probe, Pylon  
  40  4:22  Probe  
  40  4:23  Probe  
  42  4:34  Probe  
  43  4:38  Dark Templar  
  43  4:39  Dark Templar  
  43  4:45  Pylon  
  47  4:46  Probe  
  41  5:02  Cybernetics Core  
  41  5:04  Gateway  
  40  5:11  Stalker x2  
  40  5:13  Probe  
  45  5:18  Pylon  
  45  5:39  Pylon  
  45  5:49  Nexus  
  45  5:53  Pylon  
  45  5:55  Archon  
  45  5:57  Stalker  
  47  6:12  Stalker x2  
  47  6:14  Shield Battery  
  51  6:20  Pylon  
  51  6:26  Stalker  
  51  6:31  Probe  
  49  6:43  Probe  
  49  6:45  Stalker  
  49  6:46  Stalker  
  54  6:58  Probe (Chrono Boost)  
  54  7:00  Stalker  
  57  7:02  Probe (Chrono Boost)  
  59  7:09  Probe (Chrono Boost)  
  59  7:12  Probe (Chrono Boost)  
  60  7:16  Sentry  
  60  7:17  Probe (Chrono Boost)  
  60  7:19  Robotics Facility  
  60  7:20  Probe (Chrono Boost)  
  60  7:22  Probe (Chrono Boost)  
  65  7:31  Probe (Chrono Boost)  
  65  7:35  Stalker  
  69  7:40  Probe (Chrono Boost)  
  69  7:41  Probe (Chrono Boost)  
  69  7:42  Stalker  
  72  7:46  Probe (Chrono Boost)  
  72  7:47  Stalker  
  75  8:03  Nexus  
  75  8:06  Observer (Chrono Boost)  
  75  8:10  Pylon  
  75  8:11  Probe  
  77  8:17  Probe  
  78  8:28  Probe  
  78  8:29  Probe  
  78  8:32  Forge  
  80  8:38  Charge  
  80  8:40  Probe (Chrono Boost)  
  81  8:41  Probe (Chrono Boost)  
  82  8:51  Stalker  
  82  8:53  Probe x2 (Chrono Boost)  
  82  8:54  Pylon  
  86  8:58  Protoss Ground Weapons Level 1 (Chrono Boost)  
  86  9:12  Gateway, Stalker  
  86  9:13  Stalker  
  86  9:16  Gateway  
  90  9:18  Observer  
  91  9:29  Gateway  
  91  9:32  Gateway  
  91  9:43  Zealot  
  91  9:44  Nexus, Zealot x2  
  97  9:48  Observer  
  98  9:55  Pylon  
  98  9:58  Gateway  
  98  10:05  Stalker x3  
  98  10:06  Warp Prism (Chrono Boost)  
  104  10:08  Probe x2  
  109  10:15  Zealot x2  
  109  10:18  Pylon  
  112  10:28  Dark Templar x2  
  114  10:30  Pylon  
  114  10:33  Archon  
  116  10:38  Stalker x2  
  116  10:41  Zealot x2  
  122  10:45  Zealot  
  105  10:58  Zealot  
  105  11:02  Zealot x6  
  108  11:06  Zealot  
  82  11:22  Zealot x7  
Tags
 
Add a new tag
Caveats
  • Supply blocks, unpowered buildings, or Contaminate may cause inaccurate times.
  • Supply counts are checked every 10 seconds.